 Dungeon Crawl Stone Soup version 0.29.1-15-g9cfb28693d (webtiles) character file.

Game seed: 14525886640183335317

527558 Jase the Hoplite (level 26, -8/233 HPs)
             Began as a Formicid Fighter on Apr 20, 2023.
             Was a High Priest of Ashenzari.
             Mangled by a sun demon (19 damage)
             ... led by a balrug
             ... on level 4 of the Abyss on Apr 22, 2023.
             The game lasted 05:50:07 (74705 turns).

Jase the Hoplite (Formicid Fighter)                Turns: 74705, Time: 05:50:07

Health: -8/233     AC: 31    Str: 26    XL:     26   Next: 83%
Magic:  23/23      EV: 13    Int: 11    God:    Ashenzari [*****.]
Gold:   6792       SH: 33    Dex: 14    Spells: 24/26 levels left

rFire   . . .      SeeInvis +   a - +9 great mace of the Shattered Pleiades {flame, Melee, Evo} (curse)
rCold   + . .      Faith    .   k - +3 tower shield "Ensconced Yoke" {Alch, Evo} (curse)
rNeg    . . .      Spirit   .   Q - +4 plate armour "Per Aspera Ad Scientiam" {rPois, Fort, Alch} (curse)
rPois   +          Reflect  +   (helmet unavailable)
rElec   +          Harm     .   g - +1 cloak of Starlight {*Dazzle EV+4 Stlth--, Evo, Self} (curse)
rCorr   .          Rampage  .   T - +2 pair of gloves of the Wild Blue Yonder {Dex+3, Self, Fort} (curse)
Will    ++++.      Clarity  +   U - +2 pair of boots "Circumscribed Oracle" {Range, Evo} (curse)
Stlth   ..........              C - amulet of the Stellar Augur {Reflect SH+5, Melee, Range} (curse)
HPRegen 0.00/turn               s - ring of the Lashed Sage {Will+, Fort, Self} (curse)
MPRegen 0.18/turn               J - ring of Kekhiej {rElec Will+ Stlth+}

@: corroded, sick, studying Stealth, unable to read
A: permanent stasis, dig shafts and tunnels, antennae 3, four strong arms,
iridescent scales 1, clumsy 1, cold resistance 1, dopey 1, weak 1, no potion
heal 1, inability to read after injury 1
}: 3/15 runes: barnacled, slimy, gossamer
a: Dig, Shaft Self, Renounce Religion, Curse Item, Shatter the Chains


You were on level 4 of the Abyss.
You worshipped Ashenzari.
Ashenzari was extremely pleased with you.
You visited 8 branches of the dungeon, and saw 44 of its levels.
You visited the Abyss 6 times.
You also visited: Ice Cave.

You collected 6792 gold pieces.

Inventory:

Hand Weapons
 a - the cursed +9 great mace of the Shattered Pleiades (weapon) {flame, Melee, Evo}
   (You took it off Rupert on level 2 of the Orcish Mines)

   It burns those it strikes, dealing additional fire damage.
   It has a curse which improves the following skills: Melee Combat: Short
   Blades, Long Blades, Axes, Maces & Flails, Polearms, Staves and Unarmed
   Combat.
   Evocations: Evocations.
Missiles
 i - 59 boomerangs (quivered)
 l - 10 curare-tipped darts
 A - 10 silver boomerangs
 F - 5 throwing nets
 M - 12 atropa-tipped darts
 N - 15 boomerangs of dispersal
 O - 13 javelins
 W - 22 silver javelins
Armour
 g - the cursed +1 cloak of Starlight (worn) {*Dazzle EV+4 Stlth--, Evo, Self}
   (You found it on level 5 of the Lair of Beasts)

   It may blind those who miss an attack against the wearer in melee combat.
   EV:        It affects your evasion (+4).
   Stlth:     It makes you much less stealthy.
   It has a curse which improves the following skills: Evocations: Evocations.
   Introspection: Fighting and Spellcasting.
 k - the cursed +3 tower shield "Ensconced Yoke" (worn) {Alch, Evo}
   (You took it off a vault warden on level 4 of the Vaults)

   It has a curse which improves the following skills: Alchemy: Poison Magic and
   Transmutations.
   Evocations: Evocations.
 Q - the cursed +4 plate armour "Per Aspera Ad Scientiam" (worn) {rPois, Fort, Alch}
   (You took it off an orc warrior on level 2 of the Orcish Mines)

   It has a curse which improves the following skills: Fortitude: Armour and
   Shields.
   Alchemy:   Poison Magic and Transmutations.
 T - the cursed +2 pair of gloves of the Wild Blue Yonder (worn) {Dex+3, Self, Fort}
   (You found it in an ice cave)

   It has a curse which improves the following skills: Introspection: Fighting
   and Spellcasting.
   Fortitude: Armour and Shields.
 U - the cursed +2 pair of boots "Circumscribed Oracle" (worn) {Range, Evo}
   (You found it on level 1 of the Shoals)

   It has a curse which improves the following skills: Ranged Combat: Ranged
   Weapons and Throwing.
   Evocations: Evocations.
Jewellery
 b - the ring of Shadows {Umbra +Inv Stlth+}
   (You took it off a vault warden on level 3 of the Vaults)

   [ring of stealth]

   It surrounds you with an aura of shadow, increasing your stealth and reducing
   the accuracy of all others within it.
   +Inv:      It lets you turn invisible.
   Stlth:     It makes you more stealthy.
 s - the cursed ring of the Lashed Sage (left hand) {Will+, Fort, Self}
   (You found it on level 3 of the Dungeon)

   [ring of willpower]

   Will:      It increases your willpower.
   It has a curse which improves the following skills: Fortitude: Armour and
   Shields.
   Introspection: Fighting and Spellcasting.
 u - a ring of flight
 v - a ring of resist corrosion
 w - the ring "Weokaof" {*Slow rPois rF+ AC+4}
   (You found it on level 5 of the Pits of Slime)

   [ring of protection]

   AC:        It affects your AC (+4).
   rF:        It protects you from fire.
   rPois:     It protects you from poison.
   *Slow:     It may slow you when you take damage.
 C - the cursed amulet of the Stellar Augur (around neck) {Reflect SH+5, Melee, Range}
   (You found it on level 8 of the Dungeon)

   [amulet of reflection]

   It reflects blocked missile attacks.
   SH:        It affects your SH (+5).
   It has a curse which improves the following skills: Melee Combat: Short
   Blades, Long Blades, Axes, Maces & Flails, Polearms, Staves and Unarmed
   Combat.
   Ranged Combat: Ranged Weapons and Throwing.
 J - the ring of Kekhiej (right hand) {rElec Will+ Stlth+}
   (You found it on level 5 of the Pits of Slime)

   [ring of willpower]

   rElec:     It insulates you from electricity.
   Will:      It increases your willpower.
   Stlth:     It makes you more stealthy.
 Y - the ring "Fupumm" {rC+ Dex+6}
   (You found it on level 4 of the Shoals)

   [ring of dexterity]

   Dex:       It affects your dexterity (+6).
   rC:        It protects you from cold.
Wands
 d - a wand of iceblast (39)
 q - a wand of paralysis (35)
 y - a wand of flame (93)
 z - a wand of polymorph (23)
 B - a wand of digging (5)
 I - a wand of acid (15)
 P - a wand of mindburst (18)
Scrolls
 o - 4 scrolls of magic mapping
 r - 5 scrolls of silence
 t - 6 scrolls of enchant armour
 L - 6 scrolls of butterflies
 X - 5 scrolls of poison
Potions
 c - a potion of resistance
 f - 19 potions of curing
 h - a potion of might
 m - 11 potions of flight
 n - 5 potions of cancellation
 p - 5 potions of heal wounds
 G - 6 potions of mutation
 H - 3 potions of invisibility
 R - 17 potions of ambrosia
Miscellaneous
 e - a tin of tremorstones (2/2)
 x - a lightning rod (2/4)
 D - a condenser vane
 E - a box of beasts (inert)
 K - a phial of floods


   Skills:
 + Level 20.5(24.6) Fighting
 - Level 17.2(20.4) Maces & Flails
 + Level 18.0(21.2) Throwing
 + Level 21.4(25.5) Armour
 - Level 6.0 Stealth
 - Level 23.0(27) Shields
 - Level 10.0(13.4) Transmutations
 * Level 21.2(26.3) Evocations


You had 24 spell levels left.
You knew the following spells:

 Your Spells              Type           Power      Damage    Failure   Level
a - Wereblood             Tmut           29%        N/A       1%          2

Your spell library contained the following spells:

 Spells                   Type           Power      Damage    Failure   Level
 Beastly Appendage        Tmut           58%        N/A       1%          1
 Passwall                 Tmut/Erth      12%        N/A       11%         2
 Blade Hands              Tmut           14%        N/A       13%         5
 Spider Form              Tmut/Pois      15%        N/A       21%         3
 Petrify                  Tmut/Erth      15%        N/A       58%         4
 Apportation              Tloc           0%         N/A       75%         1
 Necrotise                Necr           0%         1d4       75%         1
 Sandblast                Erth           0%         2d4       75%         1
 Summon Small Mammal      Summ           0%         N/A       75%         1
 Poisonous Vapours        Pois/Air       0%         N/A       85%         2
 Call Imp                 Summ           0%         N/A       87%         2
 Ensorcelled Hibernation  Hex/Ice        0%         N/A       87%         2
 Static Discharge         Conj/Air       0%         3-3/arc   87%         2
 Sublimation of Blood     Necr           0%         N/A       87%         2
 Irradiate                Conj/Tmut      7%         3d14      90%         5
 Yara's Violent Unravell  Hex/Tmut       7%         3d5       90%         5
 Call Canine Familiar     Summ           0%         N/A       98%         3
 Confusing Touch          Hex            0%         N/A       98%         3
 Inner Flame              Hex/Fire       0%         N/A       98%         3
 Portal Projectile        Hex/Tloc       0%         N/A       98%         3
 Stone Arrow              Conj/Erth      0%         3d7       98%         3
 Summon Guardian Golem    Hex/Summ       0%         N/A       98%         3
 Vampiric Draining        Necr           0%         2d6       98%         3
 Dragon Form              Tmut           14%        N/A       98%         7
 Airstrike                Air            0%         2d(0-16)  100%        4
 Anguish                  Hex/Necr       0%         N/A       100%        4
 Animate Dead             Necr           0%         N/A       100%        4
 Cause Fear               Hex            0%         N/A       100%        4
 Corpse Rot               Necr/Pois/Air  0%         N/A       100%        4
 Dispel Undead            Necr           0%         3d6       100%        4
 Leda's Liquefaction      Hex/Erth       0%         N/A       100%        4
 Olgreb's Toxic Radiance  Pois           1%         N/A       100%        4
 Sticky Flame             Conj/Fire      0%         2d3       100%        4
 Summon Ice Beast         Ice/Summ       0%         N/A       100%        4
 Summon Lightning Spire   Summ/Air       0%         N/A       100%        4
 Agony                    Necr           0%         N/A       100%        5
 Borgnjor's Vile Clutch   Necr/Erth      0%         N/A       100%        5
 Iskenderun's Battlesphe  Conj           0%         2d6       100%        5
 Lightning Bolt           Conj/Air       0%         1d11      100%        5
 Death Channel            Necr           0%         N/A       100%        6
 Iron Shot                Conj/Erth      0%         9d1       100%        6
 Statue Form              Tmut/Erth      10%        N/A       100%        6
 Enfeeble                 Hex            0%         N/A       100%        7
 Haunt                    Necr/Summ      0%         N/A       100%        7
 Ozocubu's Refrigeration  Ice            0%         4d7       100%        7
 Spellforged Servitor     Conj/Summ      0%         N/A       100%        7
 Discord                  Hex            0%         N/A       100%        8
 Ignition                 Fire           0%         3d3       100%        8
 Infestation              Necr           0%         N/A       100%        8
 Lehudib's Crystal Spear  Conj/Erth      0%         10d2      100%        8


Dungeon Overview and Level Annotations

Branches:
Dungeon (15/15)            Temple (0/1) D:6            Lair (5/5) D:11
 Shoals (4/4) Lair:3       Spider (4/4) Lair:2        Slime (5/5) Lair:5
    Orc (2/2) D:11            Elf (0/3) Orc:2        Vaults (5/5) D:13
  Crypt (0/3) Vaults:2     Depths (4/4) D:15          IceCv (visited)
    Zot: Depths:4

Altars:
Ashenzari
Cheibriados
Dithmenos
Fedhas
Okawaru
Qazlal
Ru
Sif Muna
Trog
Vehumet
Xom

Shops:
D:7 =   D:10 *   D:12 =   Orc:1 (   Orc:2 [[(=   Shoals:3 :   Vaults:3 *

Portals:
Hell: Depths:1 Depths:2 Depths:3
Abyss: Depths:1 Depths:2 Depths:3
Pandemonium: Depths:2
Ziggurat: Depths:3

Annotations:
Depths:3 Xtahua
Depths:4 exclusion: ice statue


Innate Abilities, Weirdness & Mutations

You cannot be hasted, slowed, berserked, paralysed or teleported.
You can dig through walls and to a lower floor.
You have a pair of large antennae on your head. (SInv)
Your four strong arms can wield two-handed weapons with a shield.
You are partially covered in iridescent scales. (AC +2)
You are clumsy. (Dex -2)
Your flesh is cold resistant. (rC+)
You are dopey. (Int -2)
You are weak. (Str -2)
Potions are less effective at restoring your health.
You occasionally lose the ability to read scrolls when taking damage.


Message History

A tentacled starspawn comes into view.
Found a corrupted altar of Lugonu.
Found a runelight.
Unknown command.
You bludgeon the balrug!!
You kill the balrug!
Your primal batweird beast looks sick.
You bludgeon the guardian serpent!! You burn the guardian serpent!
The guardian serpent is severely wounded.
You hear a shout!
Your primal batweird beast misses the guardian serpent.
A tentacled starspawn comes into view.
You block the guardian serpent's attack.
You barely miss the guardian serpent.
The guardian serpent is severely wounded.
You block the guardian serpent's attack.
You completely miss the guardian serpent.
The guardian serpent is severely wounded.
Your primal batweird beast hits the guardian serpent!!
The guardian serpent dies!
An ancient zyme comes into view.
You feel yourself growing ill in the presence of the ancient zyme.
An iron imp comes into view.
A naga mage comes into view. It is wielding a +0 whip.
You see here a +0 demon whip.
Unknown command.
A lorocyproca and a sun demon come into view.
The naga mage shouts!
The lorocyproca gives a chilling moan.
The sun demon shouts!
An ancient zyme comes into view.
You feel ill. You block the sun demon's attack.
Unknown command.
You hit the sun demon but do no damage. You block the sun demon's attack.
You completely miss the sun demon.
You feel ill. You block the sun demon's attack.
You hit the sun demon but do no damage.
A rakshasa comes into view.
It is wielding a +2 vampiric trident and wearing a +2 robe of willpower.
You hit the sun demon but do no damage. The sun demon hits you!!
* * * LOW HITPOINT WARNING * * *
You are engulfed in flames!!
You die...

* * , ,,∩ #, , **
...#. * , {,⌠ #
*#.R. ,# * * *
*{*,{ #. *,*##..
..# , * ** φ{
,*#x♣####.. , #
*** * *,* , {
,*#⌠..#.N3 .,.. *
* * ,⌠,{**
.#...#2.##.. * *
* , { #.#x#X#.# *
* * {*_#..##3##,
* * * ' ** *
**##..#@†#.## , *
⌠ ,.⌠...{⌠#####.
. .# **
*♣####.##.###.,*.
, . ** , ,*#
####.#...†.. .# ,
, **, * #.. . .
,∩,. **,*, * ,,,
.{#,, , .#. *# *
, ,#.#,, **, . {#
# # , * ,.5,* , ,
, .* , , ., , ,,
. **# . .,,†#..,
*


You could see a lorocyproca (invisible), a rakshasa, 2 sun demons, an ancient
zyme, a large abomination and a naga mage.

Vanquished Creatures
  the Royal Jelly (Slime:5)
  A dread lich (Depths:4)
  An ancient lich (Abyss:4)
  Mara (Shoals:4)
  A juggernaut (Depths:4)
  Vv (Depths:3)
  Bai Suzhen (Spider:4)
  Nikola (Depths:2)
  3 bone dragons
  the Enchantress (Depths:2)
  Rupert (Orc:2)
  2 hellephants (Depths:2)
  3 tentacled monstrosities
  6 liches
  Zenata (Vaults:1)
  2 titans (Vaults:5)
  A walking earthen tome (Abyss:4)
  19 acid blobs
  A walking frostbound tome (Abyss:4)
  A kraken (Shoals:3)
  14 tentacled starspawn
  4 sphinxes
  2 storm dragons
  6 tengu reavers
  Donald (Vaults:2)
  2 thorn hunters (Depths:2)
  A draconian monk (Abyss:4)
  3 rockslimes
  Roxanne (Shoals:1)
  8 azure jellies
  A draconian knight (Depths:4)
  4 emperor scorpions (Spider:4)
  2 fire giants (Depths:3)
  2 orc warlords
  3 frost giants
  Aizul (Shoals:4)
  An iron dragon (Depths:3)
  6 ghost moths
  19 vault wardens
  A deep elf sorcerer (Vaults:2)
  A cacodemon (Abyss:4)
  2 balrugs
  A ghoul (Vaults:2)
  2 reapers
  A draconian stormcaller (Depths:4)
  3 spriggan defenders (Depths:2)
  10 quicksilver oozes
  6 ironbound preservers
  A deep elf elementalist (Abyss:4)
  2 broodmothers
  14 stone giants
  28 very ugly things
  An ophan (Abyss:4)
  A green draconian (Depths:4)
  A draconian annihilator (Abyss:3)
  6 ironbound thunderhulks
  4 war gargoyles
  3 vampire knights
  6 dire elephants
  2 deep elf demonologists (Vaults:5)
  3 yellow draconians
  A bunyip (Abyss:4)
  6 entropy weavers
  A spark wasp (shapeshifter) (Vaults:5)
  A red draconian (Abyss:4)
  7 spark wasps
  3 minotaurs (Shoals:4)
  An iron golem (Depths:2)
  Snorg (D:12)
  A blizzard demon (Abyss:4)
  A crystal guardian (Vaults:4)
  A deep elf death mage (Vaults:5)
  8 fire dragons
  A green death (Abyss:4)
  14 ettins
  6 merfolk javelineers
  The ghost of nroviw the Cleaver, a journeyman MiFi of Okawaru (Lair:1)
  11 ice dragons
  2 deep elf high priests
  3 merfolk impalers
  14 yaktaur captains
  14 great orbs of eyes
  8 rakshasas
  24 vault guards
  Josephine (Orc:1)
  9 boulder beetles
  Fannar (D:12)
  A caustic shrike simulacrum (IceCv)
  3 spriggan air magi
  3 peacekeepers
  A radroach (Spider:2)
  4 ogre magi
  6 hydras
  6 two-headed ogres
  13 centaur warriors
  Erolcha (D:9)
  3 catoblepae (Lair:5)
  6 ironbound frosthearts
  2 alligator snapping turtles
  6 merfolk aquamancers
  8 deep troll shamans
  9 thrashing horrors
  11 death yaks (Lair:5)
  Urug (Orc:1)
  8 satyrs
  8 deep troll earth magi
  17 hell hogs
  3 tengu warriors
  4 spriggan berserkers
  6 orc high priests
  A deep elf knight (Depths:2)
  7 sun demons
  Nergalle (Orc:1)
  Sonja (Lair:4)
  2 shadow wraiths
  5 skeletal warriors
  A soul eater (Depths:4)
  A fire crab (shapeshifter) (Vaults:5)
  4 sun moths
  8 iron trolls
  7 sixfirhies
  11 pharaoh ants
  7 wretched stars
  A spatial maelstrom (Abyss:4)
  2 quicksilver dragon simulacra (Depths:4)
  2 spriggan druids (Depths:2)
  8 sea snakes
  7 orb spiders
  6 glowing orange brains
  A spriggan simulacrum (IceCv)
  41 deep trolls
  5 steelbarb worms
  A bog body (IceCv)
  8 lindwurms
  12 harpies
  7 phantasmal warriors
  12 wizards
  A deep elf zephyrmancer (D:13)
  Pikel (D:6)
  19 orc knights
  8 necromancers
  2 deep elf pyromancers
  An obsidian statue (IceCv)
  3 sphinx zombies
  23 wolf spiders
  16 ironbound convokers
  39 large abominations
  An iron dragon zombie (Depths:2)
  34 fauns
  An oklob plant (Shoals:1)
  26 ugly things
  11 cyclopes
  6 shining eyes
  2 moths of wrath
  5 worldbinders
  A tengu skeleton (Depths:2)
  4 orc sorcerers
  10 elephants
  An elf zombie (Vaults:4)
  Maurice (D:12)
  4 black mambas
  A guardian serpent (shapeshifter) (Abyss:4)
  2 rust devils
  4 apocalypse crabs
  11 merfolk sirens
  3 orange demons (Abyss:4)
  An ice statue (D:7)
  10 smoke demons
  16 manticores
  7 water nymphs
  Joseph (D:9)
  2 eyes of devastation
  18 vault sentinels
  13 cane toads
  8 torpor snails
  5 unseen horrors
  A yaktaur zombie (Vaults:4)
  A gargoyle (D:14)
  3 kobold demonologists
  3 efreet
  9 komodo dragons
  41 yaktaurs
  An ice devil (IceCv)
  24 freezing wraiths
  2 golden dragon simulacra (IceCv)
  5 demonic crawlers
  A tengu conjurer (D:15)
  An anaconda simulacrum (IceCv)
  8 ancient zymes
  10 trolls
  A yaktaur skeleton (Vaults:4)
  A polar bear (shapeshifter) (Abyss:1)
  3 polar bears
  12 meliai
  36 merfolk
  A queen bee (D:15)
  30 tarantellas
  6 hornets
  2 wind drakes
  111 slime creatures
  41 raiju
  Prince Ribbit (D:6)
  A tarantella (shapeshifter) (Abyss:4)
  8 blink frogs
  A frost giant simulacrum (Vaults:4)
  22 culicivoras
  15 dream sheep
  A stone giant simulacrum (Abyss:3)
  6 snapping turtles
  27 jumping spiders
  A shadow (D:12)
  9 wraiths
  7 ynoxinuls
  2 vampires
  2 wyverns
  3 dire elephant simulacra (IceCv)
  40 starcursed masses
  3 fire bats (D:15)
  5 basilisks
  8 neqoxecs
  17 water elementals
  30 yaks
  9 chaos spawn
  65 redbacks
  13 golden eyes
  4 minotaur simulacra (IceCv)
  3 wargs (Orc:1)
  2 steam dragons (D:9)
  A redback (shapeshifter) (Depths:3)
  4 harpy simulacra (IceCv)
  A hydra simulacrum (IceCv)
  8 water moccasins
  A naga skeleton (Abyss:3)
  Duvessa (D:4)
  A floating eye (shapeshifter) (D:15)
  34 orc warriors
  9 hell hounds
  2 black bears
  A sky beast (D:6)
  31 small abominations
  2 alligator simulacra (IceCv)
  5 ettin simulacra
  7 ogres
  6 wolves (Lair:2)
  9 boggarts
  23 centaurs
  3 lemures (D:6)
  2 phantoms
  5 kobold brigands
  13 bullfrogs
  2 earth elementals
  2 human skeletons
  12 scorpions
  25 wights
  Dowan (D:4)
  A human simulacrum (Vaults:1)
  6 lindwurm simulacra (IceCv)
  30 killer bees
  7 howler monkeys
  4 electric eels
  5 jellies
  27 orc priests
  A gnoll bouda (D:8)
  An iron imp (Abyss:4)
  An iguana (D:3)
  17 orc wizards
  10 gnolls
  10 adders
  A shadow imp (Abyss:1)
  8 white imps
  4 ufetubi
  3 worms
  2 dart slugs
  104 orcs
  10 ball pythons
  5 bats
  11 endoplasms
  5 giant cockroaches
  7 goblins
  6 hobgoblins
  6 jackals (D:1)
  14 kobolds
  2 quokkas
  4 frilled lizards
  12 rats
  2 briar patches (Depths:2)
  A butterfly (D:8)
  3 lurking horrors (Abyss:4)
  A starspawn tentacle (Abyss:4)
  A tentacle (Shoals:3)
2193 creatures vanquished.

Vanquished Creatures (collateral kills)
  A lich (Abyss:4)
  An Executioner (Abyss:4)
  2 tentacled starspawn (Abyss:4)
  3 azure jellies (Slime:5)
  5 rockslimes (Slime:5)
  A cacodemon (Abyss:4)
  A quicksilver ooze (Slime:5)
  A blizzard demon (Depths:4)
  2 vault guards (Vaults:4)
  A hell hog (Depths:4)
  A large abomination (Abyss:4)
  An oklob plant (Abyss:4)
  A guardian serpent (Abyss:4)
  2 ice devils (Depths:4)
  A freezing wraith (Depths:4)
  An ancient zyme (Abyss:4)
  A blink frog (Lair:1)
  2 raiju (Abyss:4)
  2 slime creatures (Slime:5)
  An ettin simulacrum (Depths:4)
  A wolf (Lair:1)
  5 starcursed masses (Abyss:4)
37 creatures vanquished.

Vanquished Creatures (others)
  A fire giant (Depths:3)
  An orb spider (Spider:4)
  A sphinx skeleton (Vaults:4)
  A freezing wraith (Depths:4)
  A raiju (Abyss:4)
  A small abomination (Abyss:3)
  A boggart (Vaults:1)
  An orc priest (Orc:2)
  A demonic plant (Abyss:4)
  17 fungi
  83 plants
  22 starspawn tentacles
  6 tentacles (Shoals:3)
137 creatures vanquished.

Grand Total: 2367 creatures vanquished

Notes
Turn   | Place    | Note
-------+----------+-------------------------------------------
     0 | D:1      | Jase the Formicid Fighter began the quest for the Orb.
     0 | D:1      | Reached XP level 1. HP: 18/18 MP: 1/1
   154 | D:1      | Reached XP level 2. HP: 19/24 MP: 2/2
   539 | D:1      | Reached XP level 3. HP: 29/29 MP: 3/3
  1134 | D:2      | Reached XP level 4. HP: 35/35 MP: 4/4
  1458 | D:2      | Reached skill level 5 in Shields
  1747 | D:2      | Reached XP level 5. HP: 40/41 MP: 5/5
  1978 | D:2      | Found a faded altar of an unknown god.
  1986 | D:2      | Prayed at the altar of an unknown god.
  1986 | D:2      | Became a worshipper of Ashenzari the Shackled
  2588 | D:3      | Reached XP level 6. HP: 3/47 MP: 6/6
  2894 | D:3      | Found a shadowy altar of Dithmenos.
  2958 | D:3      | Found a radiant altar of Vehumet.
  3120 | D:3      | Reached * piety under Ashenzari
  3278 | D:4      | Reached skill level 5 in Maces & Flails
  3278 | D:4      | Reached skill level 6 in Shields
  3417 | D:4      | Found a sacrificial altar of Ru.
  3452 | D:4      | Noticed a water moccasin
  3473 | D:4      | Killed a water moccasin
  3474 | D:4      | Reached XP level 7. HP: 16/54 MP: 7/7
  3800 | D:4      | Reached ** piety under Ashenzari
  4482 | D:4      | Reached *** piety under Ashenzari
  4508 | D:4      | Noticed Duvessa
  4508 | D:4      | Noticed Dowan
  4516 | D:4      | Killed Dowan
  4517 | D:4      | Reached skill level 7 in Shields
  4524 | D:4      | Killed Duvessa
  4864 | D:5      | Entered Level 5 of the Dungeon
  4899 | D:5      | Reached XP level 8. HP: 58/63 MP: 8/8
  5389 | D:5      | Reached skill level 8 in Shields
  5913 | D:5      | Noticed a moth of wrath
  5916 | D:5      | Found a bloodstained altar of Trog.
  5916 | D:5      | Identified the +7 dagger "Dragon's Tongue" {freeze, rElec}
  6303 | D:6      | Noticed Prince Ribbit
  6346 | D:6      | Killed Prince Ribbit
  6627 | D:6      | Found a staircase to the Ecumenical Temple.
  6740 | D:6      | Reached XP level 9. HP: 53/68 MP: 9/9
  6773 | D:6      | Reached skill level 9 in Shields
  7451 | D:6      | Noticed Pikel
  7472 | D:6      | Killed Pikel
  7506 | D:6      | Identified the cursed +0 chain mail of Ashenzari's
                  | Soothsayer {Cun, Bglg} (You took it off an orc on level 3
                  | of the Dungeon)
  7627 | D:6      | Reached skill level 5 in Armour
  7746 | D:6      | Reached skill level 10 in Maces & Flails
  8117 | D:7      | Found a blossoming altar of Fedhas.
  8130 | D:7      | Found Ejayso's Jewellery Shop.
  8394 | D:7      | Reached skill level 10 in Shields
  8404 | D:7      | Reached XP level 10. HP: 32/74 MP: 10/10
  9049 | D:7      | Noticed an ice statue
  9558 | D:8      | Found a runed translucent door.
  9559 | D:8      | Found a runed translucent door.
  9948 | D:8      | Found an iron altar of Okawaru.
 10274 | D:9      | Noticed Erolcha
 10286 | D:9      | Killed Erolcha
 10287 | D:9      | Reached skill level 11 in Shields
 10937 | D:9      | Reached XP level 11. HP: 80/80 MP: 11/11
 11144 | D:9      | Noticed a deep elf pyromancer
 11176 | D:9      | Killed a deep elf pyromancer
 11455 | D:9      | Reached skill level 12 in Shields
 11482 | D:9      | Noticed Joseph
 11493 | D:9      | Killed Joseph
 11572 | D:9      | Noticed a fire dragon
 11587 | D:9      | Noticed a four-headed hydra
 11588 | D:9      | Killed a fire dragon
 11929 | D:9      | Noticed a rakshasa
 11951 | D:9      | Killed a rakshasa
 12151 | D:9      | Killed a four-headed hydra
 12324 | D:9      | Found a stormy altar of Qazlal.
 12353 | D:9      | Found a snail-covered altar of Cheibriados.
 12521 | D:9      | Noticed a boulder beetle
 12540 | D:9      | Killed a boulder beetle
 12731 | D:9      | Identified the ring of Divine Intervention {Will+ Str+3}
 12823 | D:9      | Found a shimmering altar of Xom.
 12919 | D:9      | Noticed a wolf spider
 12934 | D:9      | Killed a wolf spider
 12935 | D:9      | Reached skill level 5 in Fighting
 13229 | D:10     | Entered Level 10 of the Dungeon
 13229 | D:10     | Noticed a six-headed hydra
 13242 | D:10     | Killed a six-headed hydra
 13243 | D:10     | Reached XP level 12. HP: 73/91 MP: 12/12
 13840 | D:10     | Found Faergh's Assorted Antiques.
 13872 | D:10     | Reached skill level 13 in Shields
 13872 | D:10     | Reached skill level 1 in Evocations
 14290 | D:11     | Found a staircase to the Orcish Mines.
 14340 | D:11     | Found a staircase to the Lair.
 14729 | D:11     | Noticed a two-headed ogre
 14742 | D:10     | Killed a two-headed ogre
 14830 | D:11     | Noticed a two-headed ogre
 14861 | D:11     | Killed a two-headed ogre
 15197 | Lair:1   | Entered Level 1 of the Lair of Beasts
 15678 | Lair:1   | Found a transporter.
 15680 | Lair:1   | Noticed a boulder beetle
 15682 | Lair:1   | Noticed nroviw's ghost (journeyman MiFi)
 16015 | Lair:1   | Found a transporter.
 16111 | Lair:1   | Identified the +1 robe of Divine Compulsion {rF+}
 16924 | Lair:2   | Found a hole to the Spider Nest.
 16924 | Lair:2   | Noticed an orb spider
 16955 | Lair:2   | Killed an orb spider
 16956 | Lair:2   | Reached skill level 1 in Throwing
 16956 | Lair:2   | Reached XP level 13. HP: 97/101 MP: 13/13
 16957 | Lair:2   | Identified the ring "Icavyng" {rN++ Will+ Slay-3}
 16985 | Lair:2   | Reached skill level 10 in Armour
 17016 | Lair:2   | Reached skill level 14 in Shields
 17170 | Lair:2   | Identified the +2 robe of Cilefemo {Int+4}
 17319 | Lair:2   | Noticed a four-headed hydra
 17345 | Lair:2   | Killed a four-headed hydra
 17346 | Lair:2   | Reached skill level 5 in Evocations
 17866 | Lair:3   | Found a staircase to the Shoals.
 18941 | Lair:4   | Noticed Sonja
 18951 | Abyss:1  | Cast into level 1 of the Abyss (Sonja)
 19030 | Abyss:1  | Found an ornate altar of the Wu Jian Council.
 19138 | Abyss:1  | Found an ornate altar of the Wu Jian Council.
 19541 | Abyss:1  | Noticed a purple very ugly thing
 19585 | Abyss:1  | Killed a purple very ugly thing
 19737 | Abyss:1  | Noticed a great orb of eyes
 19750 | Abyss:1  | Killed a great orb of eyes
 20065 | Lair:4   | Escaped the Abyss
 20070 | Lair:4   | Killed Sonja
 20071 | Lair:4   | Reached skill level 15 in Shields
 20222 | Lair:4   | Reached XP level 14. HP: 103/112 MP: 14/14
 20743 | Lair:4   | Reached skill level 5 in Throwing
 20996 | Lair:5   | Entered Level 5 of the Lair of Beasts
 21691 | Lair:5   | Found a runed translucent door.
 21993 | Orc:1    | Entered Level 1 of the Orcish Mines
 22164 | Orc:1    | Found Xoqall's Weapon Shoppe.
 22196 | Orc:1    | Noticed Nergalle
 22222 | Orc:1    | Killed Nergalle
 22655 | Orc:2    | Entered Level 2 of the Orcish Mines
 22706 | Orc:2    | Noticed Rupert
 22707 | Orc:2    | Noticed Urug
 22853 | Orc:2    | Found a staircase to the Elven Halls.
 23069 | Orc:2    | Noticed Josephine
 23084 | Orc:1    | Killed Josephine
 23311 | Orc:1    | Killed Urug
 23776 | Lair:5   | Reached skill level 10 in Fighting
 23901 | Lair:5   | Reached skill level 16 in Shields
 24346 | Lair:5   | Found a staircase to the Slime Pits.
 24432 | Lair:5   | Reached XP level 15. HP: 102/121 MP: 15/15
 25270 | Lair:5   | Found the +1 cloak of Starlight {*Dazzle EV+4 Stlth--}
 25844 | Orc:2    | Killed Rupert
 27247 | Orc:2    | Found Ymyneud's Armour Shoppe.
 27247 | Orc:2    | Found Caimeatue's Antique Armour Shoppe.
 27248 | Orc:2    | Found Joxiuviapp's Jewellery Shoppe.
 27248 | Orc:2    | Found Igraqoko's Antique Weapon Emporium.
 27639 | D:12     | Noticed Maurice
 27656 | D:12     | Killed Maurice
 27661 | D:12     | Found Fosayres's Jewellery Boutique.
 27670 | D:12     | Noticed Fannar
 27692 | D:12     | Killed Fannar
 27714 | D:12     | Noticed Snorg
 27724 | D:12     | Killed Snorg
 28431 | D:13     | Reached XP level 16. HP: 130/130 MP: 16/16
 28435 | D:13     | Reached skill level 15 in Maces & Flails
 28487 | D:12     | Reached skill level 17 in Shields
 28889 | D:13     | Found a gate to the Vaults.
 29112 | D:13     | Reached skill level 10 in Evocations
 29613 | D:13     | Found a shimmering blue altar of Sif Muna.
 30214 | D:14     | Identified the +9 quarterstaff "Feby" {drain, Drain rPois
                  | rCorr}
 30804 | D:15     | Entered Level 15 of the Dungeon
 31076 | D:15     | Found a frozen archway.
 31076 | D:15     | Noticed an azure jelly
 31085 | D:15     | Killed an azure jelly
 31140 | IceCv    | Entered an ice cave
 31860 | IceCv    | Found an ancient bone altar of Kikubaaqudgha.
 32051 | IceCv    | Noticed a lich
 32059 | IceCv    | Killed a lich
 32781 | IceCv    | Found the +4 skin of Zhor {*Englaciate rC+++ SInv}
 33123 | D:15     | Reached XP level 17. HP: 144/144 MP: 17/17
 33916 | D:15     | Found a staircase to the Depths.
 34370 | Spider:1 | Entered Level 1 of the Spider Nest
 34482 | Spider:1 | Reached **** piety under Ashenzari
 34490 | Spider:1 | Reached skill level 18 in Shields
 36359 | Spider:2 | Reached skill level 10 in Throwing
 37148 | Spider:2 | Reached XP level 18. HP: 155/155 MP: 19/19
 39282 | Shoals:1 | Entered Level 1 of the Shoals
 40189 | Shoals:1 | Identified Roxanne's Compendium of the Ground
 40189 | Shoals:1 | Noticed Roxanne
 40527 | Shoals:1 | Killed Roxanne
 40528 | Shoals:1 | Reached skill level 15 in Armour
 41200 | Shoals:2 | Reached skill level 19 in Shields
 42214 | Shoals:2 | Reached ***** piety under Ashenzari
 42798 | Shoals:3 | Found Joxesch's Book Boutique.
 43076 | Shoals:3 | Reached XP level 19. HP: 149/167 MP: 20/20
 44129 | Spider:4 | Entered Level 4 of the Spider Nest
 44570 | Spider:4 | Noticed Bai Suzhen
 44578 | Spider:4 | Killed Bai Suzhen
 45993 | Spider:4 | Reached skill level 20 in Shields
 46071 | Spider:4 | Got a gossamer rune of Zot
 46269 | Shoals:4 | Entered Level 4 of the Shoals
 46372 | Shoals:4 | Noticed Mara
 46508 | Shoals:4 | Noticed Jase's illusion
 46833 | Shoals:4 | Killed Mara
 46861 | Shoals:4 | Reached XP level 20. HP: 171/176 MP: 21/21
 46952 | Shoals:4 | Noticed Aizul
 46961 | Shoals:4 | Killed Aizul
 47272 | Shoals:4 | Identified the ring "Fupumm" {rC+ Dex+6}
 47332 | Shoals:4 | Reached skill level 15 in Fighting
 47637 | Shoals:4 | Got a barnacled rune of Zot
 48404 | Depths:1 | Entered Level 1 of the Depths
 49545 | Depths:1 | Found a gateway to Hell.
 49669 | Depths:1 | Found a stormy altar of Qazlal.
 49895 | Depths:1 | Found a one-way gate to the infinite horrors of the Abyss.
 49971 | Depths:1 | Reached skill level 21 in Shields
 50537 | Depths:2 | Reached XP level 21. HP: 171/186 MP: 22/22
 50539 | Depths:2 | Found a one-way gate leading to the halls of Pandemonium.
 50760 | Depths:2 | Noticed Nikola
 50784 | Depths:2 | Found a snail-covered altar of Cheibriados.
 50961 | Vaults:1 | Entered Level 1 of the Vaults
 51060 | Vaults:1 | Reached skill level 15 in Evocations
 52012 | Vaults:1 | Noticed Zenata
 52048 | Vaults:1 | Killed Zenata
 53420 | Vaults:2 | Noticed Donald
 53426 | Vaults:2 | Killed Donald
 53487 | Vaults:2 | Identified the ring "Feenuewk" {MP+9 SInv Stlth+}
 54330 | Vaults:2 | Found a staircase to the Crypt.
 54569 | Vaults:2 | Reached XP level 22. HP: 185/196 MP: 23/23
 54577 | Vaults:2 | Reached skill level 22 in Shields
 54860 | Vaults:2 | Identified the +4 battleaxe of the Fulmar {venom, Drain rF+
                  | Str+4}
 55593 | Vaults:3 | Identified a scroll of acquirement
 55607 | Vaults:3 | Acquired 864 gold pieces
 55959 | Vaults:3 | Identified the amulet "Zuemokk" {Reflect rN++ Will- Int+4
                  | SH+5}
 56511 | Vaults:3 | Found Zadiunn's Assorted Antiques.
 57310 | Vaults:4 | Identified the Papyrus of Attendants
 58110 | Vaults:4 | Reached skill level 15 in Throwing
 58507 | Vaults:4 | Reached XP level 23. HP: 205/205 MP: 24/24
 59435 | Lair:1   | Killed nroviw's ghost
 59859 | Depths:2 | Killed Nikola
 60061 | Depths:2 | Reached skill level 23 in Shields
 60082 | Depths:2 | Reached skill level 1 in Transmutations
 60088 | Depths:2 | Learned a level 2 spell: Wereblood
 60941 | Depths:2 | Found a radiant altar of Vehumet.
 60943 | Depths:2 | Noticed the Enchantress
 60968 | Depths:2 | Killed the Enchantress
 61227 | Depths:2 | Identified the +3 short sword of Ashenzari, Riding {vorpal,
                  | +Blink Fly rElec MP+9 Dex+2}
 61852 | Depths:3 | Noticed Vv
 62017 | Depths:3 | Noticed Xtahua
 62555 | Vaults:5 | Entered Level 5 of the Vaults
 63314 | Slime:1  | Entered Level 1 of the Pits of Slime
 63512 | Slime:1  | Gained mutation: You are clumsy. (Dex -2) [a shining eye]
 63514 | Slime:1  | Gained mutation: You occasionally lose the ability to drink
                  | potions when taking damage. [a shining eye]
 63519 | Slime:1  | Reached skill level 5 in Transmutations
 63746 | Slime:1  | Reached XP level 24. HP: 212/212 MP: 23/23
 63951 | Slime:5  | Entered Level 5 of the Pits of Slime
 65035 | Slime:5  | Gained mutation: You are frail. (-10% HP) [a shining eye]
 65037 | Slime:5  | Gained mutation: You are very clumsy. (Dex -4) [a shining
                  | eye]
 65059 | Slime:5  | Identified the +2 robe of Glamorous Music {Will- Regen+
                  | Str-2 SInv}
 65102 | Slime:5  | Identified the ring "Weokaof" {*Slow rPois rF+ AC+4}
 65114 | Slime:5  | Gained mutation: Potions are less effective at restoring
                  | your health. [a shining eye]
 65115 | Slime:5  | Noticed the Royal Jelly
 65129 | Slime:5  | Killed the Royal Jelly
 65408 | Slime:5  | Identified the ring of Kekhiej {rElec Will+ Stlth+}
 65412 | Slime:5  | Identified The Last Catalogue of the Blind Seer
 65445 | Slime:5  | Got a slimy rune of Zot
 65458 | Slime:5  | Identified the amulet of the Locust {Faith Str+4 Dex+5}
 66017 | Vaults:4 | Reached skill level 1 in Stealth
 66334 | Vaults:4 | Lost mutation: You occasionally lose the ability to drink
                  | potions when taking damage. [potion of mutation]
 66334 | Vaults:4 | Lost mutation: You are frail. (-10% HP) [potion of
                  | mutation]
 66334 | Vaults:4 | Lost mutation: You are very clumsy. (Dex -4) [potion of
                  | mutation]
 66334 | Vaults:4 | Gained mutation: Your flesh is cold resistant. (rC+)
                  | [potion of mutation]
 66582 | Depths:1 | Voluntarily entered the Abyss.
 66979 | Depths:1 | Escaped the Abyss
 67166 | Depths:1 | Voluntarily entered the Abyss.
 67195 | Abyss:3  | Found a corrupted altar of Lugonu.
 67238 | Abyss:3  | Gained mutation: You are weak. (Str -2) [a neqoxec]
 67344 | Abyss:3  | Reached skill level 5 in Stealth
 67389 | Abyss:3  | Gained mutation: You occasionally lose the ability to read
                  | scrolls when taking damage. [a neqoxec]
 67418 | Depths:1 | Escaped the Abyss
 67874 | Depths:3 | Killed Vv
 68673 | Depths:3 | Identified the +7 short sword of the Pharaoh's Fist
                  | {vorpal, rPois rC+ Str+2}
 68680 | Depths:3 | Reached XP level 25. HP: 221/221 MP: 23/23
 68981 | Depths:3 | Found a one-way gateway to a ziggurat.
 69297 | Depths:4 | Entered Level 4 of the Depths
 69433 | Depths:4 | Identified the +7 hand axe of Greatest Utility {freeze, rC+
                  | Int+3}
 69852 | Depths:4 | Found a sacrificial altar of Ru.
 70224 | Depths:4 | Noticed a dread lich
 70240 | Depths:4 | Killed a dread lich
 70263 | Depths:4 | HP: 10/221 [white draconian stormcaller (20)]
 70754 | Depths:4 | Noticed a juggernaut
 70773 | Depths:4 | Killed a juggernaut
 71789 | Vaults:5 | Found the ring of the Octopus King {Wiz HP+2 AC+2 EV+2
                  | SH+2}
 72224 | Vaults:5 | Identified the +1 chain mail "Puagg" {rElec Will+ rCorr
                  | Dex+3}
 72487 | Depths:1 | Voluntarily entered the Abyss.
 72829 | Depths:1 | Escaped the Abyss
 72848 | Depths:1 | Voluntarily entered the Abyss.
 72906 | Abyss:4  | Reached XP level 26. HP: 230/231 MP: 23/23
 72908 | Abyss:4  | Noticed an ancient lich
 72920 | Abyss:4  | Killed an ancient lich
 73038 | Abyss:4  | Reached skill level 10 in Transmutations
 73619 | Abyss:4  | Gained mutation: You are dopey. (Int -2) [a neqoxec]
 73942 | Depths:1 | Escaped the Abyss
 74395 | Depths:1 | Voluntarily entered the Abyss.
 74624 | Abyss:4  | Gained mutation: You are partially covered in iridescent
                  | scales. (AC +2) [a cacodemon]
 74695 | Abyss:4  | Found a corrupted altar of Lugonu.
 74705 | Abyss:4  | HP: 11/233 [sun demon[a balrug] (18)]
 74705 | Abyss:4  | Mangled by a sun demon

Illustrated notes

Levels and vault maps discovered:
D:1:      dpeg_arrival_windows_large_door, layout_basic
D:2:      layout_rooms, ebering_ecumenical_altar_ruins, minmay_snake_closets
D:3:      layout_basic, nicolae_dithmenos_through_a_glass_darkly,
          mainiacjoe_overflow_alcove_2
D:4:      layout_basic, mainiacjoe_overflow_surrounded_room, uniq_duvessa
D:5:      black_bear_nest_1, layout_loops_ring, tgw_trog, minmay_misc_feat_alley
D:6:      layout_cave_pods, minmay_temple_entry_glassed_door,
          kennysheep_big_empty_room, chequers_serial_rivers_large_a,
          hangedman_decor_growths, minmay_diced_spiral, uniq_prince_ribbit1,
          uniq_pikel
D:7:      lemuel_ice_statue, layout_basic, fedhas_ov_isle_minmay, serial_shops,
          kennysheep_mini_moat
D:8:      lemuel_insect_pit, layout_basic, mainiacjoe_overflow_alcove_1
D:9:      minmay_chopped_fan, layout_cave_pools, old_standard_altar,
          mainiacjoe_overflow_boulevard, lemuel_doored_altar, uniq_joseph,
          uniq_erolcha
D:10:     layout_irregular_city, serial_shops, nicolae_shop_stone,
          kennysheep_generic_room_16
D:11:     layout_cross
D:12:     layout_basic, serial_shops, nicolae_take_the_stairs, uniq_fannar,
          uniq_maurice, uniq_snorg
D:13:     layout_rooms, david_vaults_1, nicolae_sif_muna_condensation
D:14:     layout_irregular_city, dk_noncrumbling_3
D:15:     gammafunk_enter_depths_forms, layout_loops_corners,
          portal_ice_cave_entry_frozen_things, special_room [special_room_bee],
          lemuel_flamethrower_3
Lair:1:   layout_hall_layers, gammafunk_ghost_arena, beast_lair_carwin_3,
          grunt_megastairs_3, lemuel_fruit_fields
Lair:2:   layout_hall_layers, nicolae_spider_entry_orb_guardian,
          serial_bayou_ford_a
Lair:3:   layout_hall_layers, elwin_shoals_entry_rocks
Lair:4:   layout_cave_pods, hibernation_bobbens, serial_bayou_shore_b,
          infiniplex_staircase_pool_2, uniq_sonja
Lair:5:   evilmike_catoblepas_cave, layout_small_grid, slime_entry_2,
          chequers_serial_rivers_micro_b
Shoals:1: layout_shoals, dpeg_stationary_puzzle, uniq_roxanne
Shoals:2: layout_shoals, nicolae_shoals_mertower
Shoals:3: layout_shoals, nicolae_stop_n_shop_1
Shoals:4: shoals_end_hellmonk_lost_city, uniq_mara, uniq_aizul
Spider:1: layout_spider_delve
Spider:2: layout_spider_delve, nicolae_spider_webs_and_nodes,
          hangedman_spider_tarantella_strand
Spider:3: layout_spider_delve, nicolae_spider_cling_halls
Spider:4: spider_rune_water, uniq_bai_suzhen
Slime:1:  layout_caves
Slime:2:  cheibrodos_slime_lost_civilization_10, layout_caves, uniq_dissolution
Slime:3:  layout_caves
Slime:4:  layout_caves
Slime:5
Orc:1:    layout_diamond_mine, serial_shops, nicolae_shop_bloodbath_and_beyond,
          nicolae_orc_lava_room, uniq_nergalle
Orc:2:    st_orc_pillars, layout_caves, uniq_josephine, uniq_rupert, uniq_urug
Vaults:1: nicolae_vaults_disjoint_gnomons, nicolae_vaults_murderbox,
          ontoclasm_vaults_loading_screen, vaults_standard_mumra_x,
          vaults_room_door_ring, v_misc_22, nicolae_vaults_mini_display_case,
          vaults_room_large_hall, v_misc_10, vaults_room_grunt_arrival_ludios,
          ontoclasm_vaults_eye, nicolae_vaults_little_squares_6,
          layout_vaults_big_room, uniq_zenata
Vaults:2: nicolae_vaults_rhombus_5, nicolae_vaults_alarming,
          ontoclasm_vaults_ligature, st_hourglassy,
          nicolae_vaults_stairing_the_circle, minmay_crypt_entry_simple_plaza,
          vaults_room_door_hall, hangedman_vaults_maws, hangedman_vaults_hat,
          nicolae_vaults_asterisk, v_pattern_2, layout_vaults_maze, uniq_donald
Vaults:3: nicolae_vaults_disjoint_gnomons, hangedman_vaults_corner,
          hangedman_vaults_river_flow, hangedman_vaults_nails,
          nicolae_vaults_network_periphery, nicolae_vaults_theta,
          vaults_room_fours, ontoclasm_vaults_tryst, ontoclasm_vaults_twist,
          vaults_dpeg_ring, vaults_room_hangedman_quadrants,
          vaults_room_stairs_pillars, ontoclasm_vaults_pinch, vaults_room_grid,
          grunt_vaults_focal, layout_vaults_ring, serial_shops, shop
Vaults:4: vaults_dpeg_hooks, hangedman_vaults_cutoff, ontoclasm_vaults_shuriken,
          hangedman_vaults_stagger, v_alt_pattern_2,
          nicolae_vaults_disjoint_gnomons, ontoclasm_vaults_chip,
          grunt_vaults_swirl, vaults_room_door_ring, v_misc_23,
          nicolae_vaults_theta, vaults_room_semicircle, v_misc_8,
          layout_vaults_omnicross, serial_hangedman_research,
          hangedman_research_convocations
Vaults:5: uniq_margery
Depths:1: minmay_octagon_keep, layout_cave_pools, abyss_entry_glasseish,
          hell_entry, nicolae_qazlal_style_of_elements
Depths:2: grunt_forest_end_shrine, layout_gridlike, abyss_entry_crystal,
          pan_entry, grunt_hell_horde, slow_altar_1, uniq_nikola
Depths:3: minmay_the_grid_octo_triangle [minmay_the_grid_octo_concentric,
          minmay_the_grid_octo_prize_single_spiral, minmay_the_grid_octo_focus],
          layout_long_grid, enter_ziggurat_e, abyss_entry, hell_entry,
          uniq_xtahua, uniq_vv
Depths:4: grunt_profane_halls [grunt_profane_temple_dis,
          grunt_profane_temple_geh, grunt_profane_temple_tar,
          grunt_profane_temple_coc, grunt_zot_portal], hell_entry, serial_shops,
          abyss_entry
Abyss:4:  base: Depths:3, grunt_abyss_rune_forest_and_sorcery, minivault_23,
          base: Zot:4, hangedman_abyss_overflow_altar, minivault_24,
          minivault_24, spicy_abyss_unhelpful_harpoons,
          hangedman_abyss_or_decor_passed, onia_ninara_dug_in_and_dangerous,
          evilmike_abyss_exit_10, evilmike_abyss_exit_10,
          evilmike_abyss_exit_11, evilmike_abyss_exit_vortex, base: Elf:3, base:
          Orc:2, hangedman_abyss_or_decor_jellyfish_corner,
          spicy_pingpong_abyss_rune

Skill      XL: |  1  2  3  4  5  6  7  8  9 10 11 12 13 14 15 16 17 18 19 20 21 22 23 24 25 26 |
---------------+-------------------------------------------------------------------------------+-----
Maces & Flails | 3 4 5 7 8 10 12 13 14 15 16 17 | 17.2
Shields        | 5 6 7 8 10 11 12 13 15 16 17 18 19 20 21 22 23 | 23.0
Armour         | 5 7 8 9 11 12 13 14 15 16 17 18 19 20 21 | 21.4
Fighting       | 5 6 8 10 11 12 13 14 15 16 17 18 19 20 | 20.5
Evocations     | 4 6 8 9 10 11 12 13 14 15 16 17 18 19 21 | 21.2
Throwing       | 1 4 6 8 9 10 11 12 13 14 15 16 17 18 | 18.0
Transmutations | 5 7 9 10 | 10.0
Stealth        | 6 |  6.0

Action                   |  1- 3 |  4- 6 |  7- 9 | 10-12 | 13-15 | 16-18 | 19-21 | 22-24 | 25-27 || total
-------------------------+-------+-------+-------+-------+-------+-------+-------+-------+-------++-------
Melee: Flail             |   100 |   196 |   182 |       |       |       |       |       |       ||   478
       Morningstar       |       |       |   153 |   621 |  1101 |       |       |       |       ||  1875
       Great mace        |       |       |       |       |   239 |  1152 |  1091 |  1529 |  1093 ||  5104
Throw: Boomerang         |       |       |       |       |       |    10 |    22 |     9 |    16 ||    57
       Javelin           |       |       |       |       |       |       |     5 |       |       ||     5
 Cast: Wereblood         |       |       |       |       |       |       |       |     2 |     3 ||     5
Invok: Curse Item        |       |     2 |     3 |     3 |       |     4 |       |     2 |       ||    14
       Shatter the Chain |       |       |     1 |     2 |     2 |       |       |     1 |       ||     6
 Abil: Dig               |       |       |     1 |     3 |     8 |     1 |     2 |     1 |     3 ||    19
Evoke: Wand              |       |       |       |     1 |     2 |     3 |     8 |       |    23 ||    37
       Condenser vane    |       |       |       |       |     2 |       |     5 |     3 |     1 ||    11
       Phial of floods   |       |       |       |       |       |       |     1 |       |       ||     1
       Tin of tremorston |       |       |       |       |       |       |       |     7 |       ||     7
       Box of beasts     |       |       |       |       |       |       |       |     3 |     2 ||     5
       Lightning rod     |       |       |       |       |       |       |       |       |     8 ||     8
  Use: Potion            |       |     1 |     5 |     3 |     3 |     1 |     2 |     5 |     4 ||    24
       Scroll            |       |       |       |       |     6 |     2 |     1 |     7 |     1 ||    17
 Stab: Distracted        |       |       |       |       |     1 |       |     1 |       |     1 ||     3
       Paralysed         |       |       |       |       |     1 |       |       |       |       ||     1
       Invisible         |       |       |       |       |     2 |    12 |     8 |     7 |     8 ||    37
       Held in net/web   |       |       |       |       |       |     1 |       |       |       ||     1
Armor: Scale mail        |    57 |    60 |       |       |       |       |       |       |       ||   117
       Chain mail        |       |    16 |   104 |   167 |       |       |       |       |       ||   287
       Skin              |       |       |     5 |    17 |       |       |       |       |       ||    22
       Plate armour      |       |       |       |    50 |   341 |   419 |   314 |   368 |   216 ||  1708
Dodge: Dodged            |    38 |    94 |    77 |   127 |   167 |   332 |   239 |   274 |   170 ||  1518
Block: Buckler           |    18 |    62 |    80 |   134 |       |       |       |       |       ||   294
       Kite shield       |       |       |       |   171 |   911 |  1159 |   923 |   294 |       ||  3458
       Reflection        |       |       |       |     5 |    23 |   116 |    67 |    67 |    25 ||   303
       Tower shield      |       |       |       |       |       |       |       |  1214 |   989 ||  2203
